 Dungeon Sprint DCSS version 0.11.3 (webtiles) character file.

1655 Groucho the Covert (level 7, -2/32 HPs)
             Began as a Spriggan Enchanter on Jan 5, 2019.
             Slain by a crocodile (14 damage)
             ... in the Dungeon (Sprint II: "The Violet Keep of Menkaure").
             The game lasted 00:03:54 (278 turns).

Groucho the Covert (Spriggan Enchanter)              Turns: 278, Time: 00:03:54

HP  -2/32        AC  3     Str  5      XL: 7   Next: 97%
MP   3/25        EV 18     Int 17      God:
Gold 749         SH  0     Dex 17      Spells:  5 memorised,  9 levels left

Res.Fire  : . . .   See Invis. : +   a - +1 dagger {=f}
Res.Cold  : . . .   Warding    : .   b - +1 robe
Life Prot.: . . .   Conserve   : .   (shield restricted)
Res.Poison: .       Res.Corr.  : .   (helmet restricted)
Res.Elec. : .       Clarity    : .   (no cloak)
Sust.Abil.: . .     Spirit.Shd : .   (gloves unavailable)
Res.Mut.  : .       Stasis     : .   (boots unavailable)
Res.Rott. : .       Ctrl.Telep.: .   (no amulet)
Saprovore : . . .   Levitation : .   (no ring) Ctrl.Flight: .
                                     (no ring)

@: very quick, somewhat resistant to hostile enchantments, extraordinarily
stealthy
A: unfitting armour, see invisible, herbivore 3, speed 3, slow metabolism 2
a: no special abilities


You were in the Dungeon.
You were not hungry.

You visited 1 branch of the dungeon, and saw 1 of its levels.

You collected 729 gold pieces.

Inventory:

Hand weapons
 a - a +1,+1 dagger (weapon) {=f}
Missiles
 d - 12 darts (quivered)
Armour
 b - a +1 robe (worn)
Scrolls
 k - a scroll of blinking
Potions
 e - a potion of porridge
 f - a potion of curing
 g - a potion of heal wounds
 i - 2 potions of magic
 j - a potion of berserk rage
Books
 c - a book of Maledictions

   Spells                             Type                      Level
   *Corona                            Hexes                        1
   *Sure Blade                        Hexes/Charms                 2
   *Ensorcelled Hibernation           Hexes/Ice                    2
   *Confuse                           Hexes                        3
   Enslavement                        Hexes                        4
   *Invisibility                      Hexes                        6


   Skills:
 - Level 1.1 Short Blades
 - Level 1.1 Throwing
 - Level 3.0 Dodging
 + Level 14.3 Stealth
 - Level 11.5 Stabbing
 + Level 5.8 Traps & Doors
 + Level 8.9 Spellcasting
 + Level 9.9 Hexes


You had 9 spell levels left.
You knew the following spells:

 Your Spells              Type           Power        Failure   Level  Hunger
a - Corona                Hex            ######..     1%          1    None
b - Ensorcelled Hibernat  Hex/Ice        ####...      1%          2    None
c - Confuse               Hex            ######...    1%          3    #......
d - Sure Blade            Hex/Chrm       ####......   1%          2    None
e - Invisibility          Hex            ######...    28%         6    ######.


Dungeon Overview and Level Annotations

Branches:
Dungeon (1/1)

Altars:
Elyvilon
Makhleb
Okawaru
Sif Muna
Trog
Vehumet
Xom
Yredelemnul
Zin
Jiyva


Innate Abilities, Weirdness & Mutations

You are tiny and cannot use many weapons and most armour.
You have supernaturally acute eyesight.
You are a herbivore.
You cover ground extremely quickly.
You need consume almost no food.


Message History

There is an open door here.
There is a staircase leading out of the dungeon here.
There is a staircase leading out of the dungeon, spattered with blood here.
There is an open door here.
As you open the door, it creaks loudly!
Found nine altars.
Found a basalt altar of Yredelemnul.
There is an open door here.
You start resting.
A crocodile comes into view.
A crocodile is nearby!
A crocodile is nearby!
A crocodile is nearby!
Casting: Ensorcelled Hibernation
Confirm with . or Enter, or press ? or * to list all spells.
Aiming: Ensorcelled Hibernation
Press: ? - help, Shift-Dir - straight line, f - crocodile
Aim: a crocodile (hasn't noticed you)
The crocodile easily resists.
The crocodile bites you!
You die...

# ###≈ ...#≈ ##+##
....#≈ ##..%##
._...#≈ #..##%#
_._..#≈ ######.####
._._.#≈##.###'###.#
._._._#≈#...##<##.#
+≈t@#%'.<.'#
..._._#≈#...##<##%#
######≈##.###'###.#
######≈ #####..####
## #j##..# #.#.##
##+## #≈≈≈≈≈≈≈§≈§§
#+++#+++#§§§


You could see a crocodile.

Vanquished Creatures
  A mermaid (D)
  2 hippogriffs (D)
  2 agate snails (D)
  4 brain worms (D)
9 creatures vanquished.

Notes
Turn   | Place    | Note
--------------------------------------------------------------
     0 | D        | Groucho, the Spriggan Enchanter, began the quest for the Orb.
     0 | D        | Reached XP level 1. HP: 9/9 MP: 4/4
     2 | D        | Noticed an agate snail
     2 | D        | Noticed an agate snail
     6 | D        | Noticed a hippogriff
     6 | D        | Noticed a hippogriff
    10 | D        | Noticed a brain worm
    28 | D        | Killed a brain worm
    28 | D        | Reached skill level 9 in Stealth
    28 | D        | Reached XP level 2. HP: 13/13 MP: 6/6
    28 | D        | Reached XP level 3. HP: 16/16 MP: 9/9
    28 | D        | Reached XP level 4. HP: 21/21 MP: 11/11
    32 | D        | Learned a level 2 spell: Ensorcelled Hibernation
    32 | D        | Noticed a brain worm
    38 | D        | Killed a brain worm
    38 | D        | Reached XP level 5. HP: 24/24 MP: 1/16
   143 | D        | Noticed a brain worm
   143 | D        | Noticed a brain worm
   148 | D        | Killed a brain worm
   148 | D        | Reached skill level 10 in Stealth
   148 | D        | Reached skill level 5 in Hexes
   153 | D        | Killed a brain worm
   153 | D        | Reached skill level 11 in Stealth
   153 | D        | Reached skill level 5 in Spellcasting
   153 | D        | Reached XP level 6. HP: 28/28 MP: 15/20
   171 | D        | Noticed a mermaid
   180 | D        | Killed a hippogriff
   180 | D        | Reached skill level 12 in Stealth
   180 | D        | Reached skill level 10 in Stabbing
   186 | D        | Killed a hippogriff
   186 | D        | Reached XP level 7. HP: 12/32 MP: 9/23
   195 | D        | Killed a mermaid
   195 | D        | Reached skill level 14 in Stealth
   195 | D        | Reached skill level 5 in Traps & Doors
   202 | D        | Learned a level 3 spell: Confuse
   205 | D        | Learned a level 2 spell: Sure Blade
   213 | D        | Learned a level 6 spell: Invisibility
   232 | D        | Killed an agate snail
   239 | D        | Killed an agate snail
   246 | D        | Noticed an electric eel
   246 | D        | Noticed an electric eel
   247 | D        | Noticed an agate snail
   247 | D        | Noticed an electric eel
   247 | D        | Noticed an electric eel
   247 | D        | Noticed an electric eel
   267 | D        | Found a shimmering altar of Xom.
   267 | D        | Found a viscous altar of Jiyva.
   267 | D        | Found a radiant altar of Vehumet.
   267 | D        | Found an iron altar of Okawaru.
   267 | D        | Found a burning altar of Makhleb.
   267 | D        | Found a deep blue altar of Sif Muna.
   267 | D        | Found a glowing silver altar of Zin.
   267 | D        | Found a white marble altar of Elyvilon.
   267 | D        | Found a bloodstained altar of Trog.
   268 | D        | Found a basalt altar of Yredelemnul.
   278 | D        | Noticed a crocodile
   278 | D        | Slain by a crocodile
